 Dungeon Crawl Stone Soup version 0.30-a0-782-ge64f9170bb (webtiles) character file.

Game seed: 1953488686383255770

490 kae the Digger (level 7, -6/36 HPs)
             Began as a Gargoyle Earth Elementalist on Mar 7, 2023.
             Mangled by Edmund
             ... wielding a +5 heavy dire flail
              (16 damage)
             ... on level 3 of the Dungeon.
             The game lasted 00:03:58 (3374 turns).

kae the Digger (Gargoyle Earth Elementalist)        Turns: 3374, Time: 00:03:59

Health: -6/36      AC:  8    Str: 12    XL:     7   Next: 14%
Magic:  10/12      EV: 11    Int: 17    God:
Gold:   71         SH:  0    Dex: 10    Spells: 3/13 levels left

rFire   . . .      SeeInvis .    c - +1 dagger
rCold   . . .      Faith    .    (no shield)
rNeg    + . .      Spirit   .    a - +0 robe
rPois   ∞          Reflect  .    (no helmet)
rElec   +          Harm     .    o - +1 cloak
rCorr   .          Rampage  .    (no gloves)
Will    +....                    (no boots)
Stlth   ++                       (no amulet)
HPRegen 0.26/turn                i - ring of willpower
MPRegen 0.13/turn                (no ring)

@: about to teleport
A: sickness immunity, AC +4, negative energy resistance 1, electricity
resistance, torment resistance 1, petrification resistance
a: no special abilities


You were on level 3 of the Dungeon.
You visited 1 branch of the dungeon, and saw 4 of its levels.

You collected 71 gold pieces.


Innate Abilities, Weirdness & Mutations

You are immune to sickness and miasma.
Your stone body is resilient. (AC +4)
You are immune to poison.
You resist negative energy. (rN+)
You are resistant to electric shocks. (rElec)
You are resistant to unholy torment.
You are immune to petrification.


   Skills:
 - Level 1.5 Dodging
 - Level 2.1 Stealth
 + Level 3.9 Spellcasting
 * Level 4.6 Conjurations
 - Level 1.7 Transmutations
 + Level 5.8 Earth Magic


You had 3 spell levels left.
You knew the following spells:

 Your Spells              Type           Power      Damage    Failure   Level
a - Sandblast             Erth           46%        2d11      1%          1
b - Stone Arrow           Conj/Erth      42%        3d9       5%          3
c - Passwall              Tmut/Erth      13%        N/A       4%          2
d - Petrify               Tmut/Erth      16%        N/A       32%         4

Your spell library contained the following spells:

 Spells                   Type           Power      Damage    Failure   Level


Inventory:

Hand Weapons
 c - a +1 dagger (weapon)
   (You took it off a goblin on level 1 of the Dungeon)
Missiles
 e - 26 stones
 g - 4 poisoned darts
 w - 2 javelins
Armour
 a - a +0 robe (worn)
 o - a +1 cloak (worn)
   (You took it off Crazy Yiuf on level 2 of the Dungeon)
Jewellery
 i - a ring of willpower (left hand)
   (You found it on level 1 of the Dungeon)
Wands
 t - a wand of flame (26)
   (You took it off Robin on level 3 of the Dungeon)
Scrolls
 d - 2 scrolls of teleportation {@r4}
 n - a scroll of fog
 u - a scroll of enchant armour
Potions
 b - a potion of magic
 f - a potion of flight {unknown}
 h - a potion of brilliance
 j - a potion of heal wounds {unknown}
 k - a potion of lignification {unknown}
 l - 4 potions of curing {unknown}
 m - a potion of degeneration {unknown}
 q - 2 potions of ambrosia
 r - 2 potions of mutation {unknown}

Dungeon Overview and Level Annotations

Branches:
Dungeon (4/15) Zot: 20558
 Temple: D:4-7

Altars:
Uskayaw

Annotations:
D:3 Edmund

#........... #.#########.
##############.###### #. #
#####...................# #.
#####..........####.##.####.####.
........#.#########.##.# #.[....
.>....#.#.# #.........# #..###.
........#.####.####.##.# #..# #.
.#####†.#.......@@..##.# #..# #.
.#####.........####.##.####..###.
.##........##### #.##...........
)##.##....#########.##.......####
.##....#............#######..####
.).......##########.## #......
###..##.## ##...## #.#####
..†.....# ##.....#####.#####
###..#### ##...............[.


You could see Edmund.


Message History

Your mp is fully restored (12).
x - a scroll labelled IHOAFO PUVYPT
Casting: Sandblast (safe; 1% risk of failure)
Confirm with . or Enter, or press ? or * to list all spells.
You can't see any susceptible monsters within range! (Use Z to cast anyway.)
You see here a +0 pair of gloves.
Done exploring.
Done exploring.
Done exploring.
Done exploring.
Done exploring.
As you read the scroll labelled CONTOE SOGAILU, it crumbles to dust.
You hear the flapping of tiny wings.
It was a scroll of butterflies.
Unknown command.
As you read the scroll labelled IHOAFO PUVYPT, it crumbles to dust.
Magic quickly surges around you.
It was a scroll of vulnerability.
Unknown command.
As you read the scroll labelled ZAROIZUONO, it crumbles to dust.
You hear a loud clanging noise!
It was a scroll of noise.
Unknown command.
As you read the scroll of identify {@r1}, it crumbles to dust.
q - 2 potions of ambrosia
Okay, then.
Okay, then.
Okay, then.
This spell is extremely dangerous to cast!
Memorise Petrify, consuming 4 spell levels and leaving 3?
You start memorising the spell.
You continue memorising. x4
You finish memorising.
Spell assigned to 'd'.
Done exploring.
Okay, then.
Done exploring.
Unknown command.
Done exploring.
Done exploring.
Done exploring.
Done exploring.
(D) Dungeon
Where to? (Enter - D:3, ? - help)
You swap places.
You swap places.
You swap places.
You swap places.
You feel your willpower return.
There is a stone staircase leading down here.
You climb downwards.
There is a stone staircase leading up here.
There are monsters nearby!
Okay, then.
Casting: Sandblast (safe; 1% risk of failure)
Confirm with . or Enter, or press ? or * to list all spells.
Aiming: Sandblast (safe; 1% risk of failure)
Press: ? - help, Shift-Dir - straight line, f - Edmund
Aim: Edmund, wielding a +5 heavy dire flail and wearing a +2 scale mail of willpower (asleep, 100% to hit)
The blast of sand hits Edmund but does no damage.
Edmund gestures with his flail. 😎 MP[-1]
You lost 1 mp, and now have 11/12 mp.
Casting: Sandblast (safe; 1% risk of failure)
Confirm with . or Enter, or press ? or * to list all spells.
Aiming: Sandblast (safe; 1% risk of failure)
Press: ? - help, Shift-Dir - straight line, f/p - Edmund
Aim: Edmund, wielding a +5 heavy dire flail and wearing a +2 scale mail of willpower (85% to hit)
The blast of sand hits Edmund but does no damage.
Edmund hits you with a +5 heavy dire flail! 😕 HP[-8] MP[-1]
You take 8 damage, and now have 28/36 hp.
MASSIVE DAMAGE!! (PAUSE)
You lost 1 mp, and now have 10/12 mp.
There are monsters nearby!
The ball python hisses angrily.
You climb upwards.
There is a stone staircase leading down here.
Unknown command.
You can't go up here!
Unknown command.
Casting: Sandblast (safe; 1% risk of failure)
Confirm with . or Enter, or press ? or * to list all spells.
Aiming: Sandblast (safe; 1% risk of failure)
Press: ? - help, Shift-Dir - straight line, f - Edmund
Aim: Edmund, wielding a +5 heavy dire flail and wearing a +2 scale mail of willpower (85% to hit)
The blast of sand misses Edmund.
Edmund hits you with a +5 heavy dire flail!
* * * LOW HITPOINT WARNING * * *
😨 HP[-13] MP[-1]
You take 13 damage, and now have 15/36 hp.
MASSIVE DAMAGE!! (PAUSE)
You lost 1 mp, and now have 9/12 mp.
As you read the scroll of teleportation {@r4}, it crumbles to dust.
You feel strangely unstable.
Edmund hits you with a +5 heavy dire flail.
* * * LOW HITPOINT WARNING * * *
😨 HP[-5] MP[+1]
You take 5 damage, and now have 10/36 hp.
Unknown command.
Unknown command.
Edmund attacks as you move away!
Edmund hits you with a +5 heavy dire flail!
You die...

Skill      XL: |  1  2  3  4  5 |
---------------+----------------+-----
Transmutations | 1 |  1.7
Earth Magic    | 4 5 |  5.8
Conjurations   | 1 4 |  4.6
Spellcasting   | 3 |  3.9
Dodging        | |  1.5
Stealth        | |  2.1

Action                     |  1- 3 |  4- 6 |  7- 9 || total
---------------------------+-------+-------+-------++-------
  Melee: Dagger            |       |       |     1 ||     1
   Cast: Sandblast         |    42 |    52 |    37 ||   131
    Use: Scroll            |     6 |     3 |     5 ||    14
 Armour: Robe              |     7 |    13 |     8 ||    28
  Dodge: Dodged            |    15 |    28 |     7 ||    50

Levels and vault maps discovered:
D:1:      dpeg_arrival_rhombi, layout_basic, chequers_ecumenical_altar_twisty
D:2:      layout_loops_ring, basic_altar, uniq_natasha, uniq_crazy_yiuf_cottage,
          uniq_jessica, uniq_terence
D:3:      layout_loops_ring, uniq_robin, uniq_grinder
D:4:      layout_basic, minmay_misc_feat_iff, uniq_blork_the_orc, uniq_edmund,
          uniq_pikel

Notes
Turn   | Place    | Note
-------+----------+-------------------------------------------
     0 | D:1      | kae the Gargoyle Earth Elementalist began the quest for the
                  | Orb.
     0 | D:1      | Reached XP level 1. HP: 10/10 MP: 3/3
     0 | D:1      | magus.rc [v1.11.3]
    83 | D:1      | Reached skill level 1 in Transmutations
    97 | D:1      | Reached XP level 2. HP: 15/15 MP: 1/5
   234 | D:1      | Found a faded altar of an unknown god.
   245 | D:1      | Reached skill level 4 in Earth Magic
  1016 | D:2      | Reached XP level 3. HP: 19/19 MP: 4/6
  1020 | D:2      | Learned a level 3 spell: Stone Arrow
  1023 | D:2      | Learned a level 2 spell: Passwall
  1082 | D:2      | Noticed Terence
  1162 | D:2      | Noticed Natasha
  1166 | D:2      | Killed Natasha
  1393 | D:2      | Noticed Natasha
  1515 | D:2      | Found a hide-covered altar of Uskayaw.
  1531 | D:2      | Noticed Jessica
  1533 | D:2      | Killed Jessica
  1534 | D:2      | Reached skill level 1 in Conjurations
  1534 | D:2      | Reached XP level 4. HP: 24/24 MP: 5/8
  1757 | D:2      | Killed Natasha
  1758 | D:2      | Reached skill level 3 in Spellcasting
  1758 | D:2      | Reached XP level 5. HP: 28/28 MP: 5/9
  1811 | D:2      | Reached skill level 2 in Conjurations
  1844 | D:2      | Killed Terence
  1943 | D:2      | Found a runed translucent door.
  1944 | D:2      | Noticed Crazy Yiuf
  2098 | D:2      | Killed Crazy Yiuf
  2099 | D:2      | Reached skill level 5 in Earth Magic
  2327 | D:3      | Noticed Grinder
  2342 | D:3      | Killed Grinder
  2343 | D:3      | Reached skill level 4 in Conjurations
  2343 | D:3      | Reached XP level 6. HP: 26/32 MP: 0/11
  2572 | D:3      | Reached XP level 7. HP: 36/36 MP: 9/12
  2670 | D:3      | Noticed Robin
  2684 | D:3      | Killed Robin
  3321 | D:3      | Learned a level 4 spell: Petrify
  3366 | D:4      | Noticed Edmund
  3374 | D:3      | Mangled by Edmund

Vanquished Creatures
  Grinder (D:3)
  Crazy Yiuf (D:2)
  Jessica (D:2)
  Natasha (twice) (D:2)
  Terence (D:2)
  Robin (D:3)
  4 gnolls
  4 adders
  4 dart slugs
  An orc (D:3)
  4 bats
  5 endoplasms
  4 giant cockroaches
  15 goblins
  4 hobgoblins
  3 kobolds (D:1)
  A quokka (D:2)
  5 ball pythons
  3 frilled lizards
  10 rats
74 creatures vanquished.

Table legend:
 A = Non-vault XP
 B = Vault XP
 C = Vault XP percentage of total XP
 D = Non-vault monster count
 E = Vault monster count
 F = Vault count percentage of total count
                 A         B        C        D         E       F
            +---------+---------+-------+---------+---------+-------
      Total |     233 |     468 |  66.8 |      58 |      16 |  21.6
            +---------+---------+-------+---------+---------+-------
        D:1 |      31 |       0 |   0.0 |      20 |       0 |   0.0
        D:2 |      99 |     151 |  60.4 |      15 |       4 |  21.1
        D:3 |     103 |     317 |  75.5 |      23 |      12 |  34.3
            +---------+---------+-------+---------+---------+-------

Illustrated notes

Table legend:
 A = Kills in this place as a percentage of kills in entire the game.
 B = Kills by you in this place as a percentage of kills by you in the entire game.
 C = Kills by friends in this place as a percentage of kills by friends in the entire game.
 D = Other kills in this place as a percentage of other kills in the entire game.
 E = Experience gained in this place as a percentage of experience gained in the entire game.
 F = Experience gained in this place divided by the number of levels of this place that you have seen.
                   A       B       C       D       E      F
               +-------+-------+-------+-------+-------+----------------------
         Total | 100.0 | 100.0 |   N/A |   N/A | 100.0 | 175.2
       Dungeon | 100.0 | 100.0 |   N/A |   N/A | 100.0 | 175.2
               +-------+-------+-------+-------+-------+----------------------

Table legend: (Time is in decaauts)
 A = Elapsed time spent in this place.
 B = Non-inter-level travel time spent in this place.
 C = Inter-level travel time spent in this place.
 D = Time resting spent in this place.
 E = Time spent auto-exploring this place.
 F = Levels seen in this place.
 G = Mean time per level.
                   A        B        C        D        E       F      G
               +--------+--------+--------+--------+--------+-----+--------+
         Total |   3441 |   3139 |    302 |     83 |   2514 |   4 |  860.2 |
       Dungeon |   3441 |   3139 |    302 |     83 |   2514 |   4 |  860.2 |
               +--------+--------+--------+--------+--------+-----+--------+

Top non-repeatable levels by time:
     D:2: 1161 daAuts
     D:3: 1142 daAuts
     D:1: 1133 daAuts
     D:4: 4 daAuts
